 Dungeon Crawl Stone Soup version 0.21.1-1-g345015f (webtiles) character file.

151 jerryfan the Grave Robber (level 5, -2/35 HPs)
             Began as a Vampire Necromancer on Apr 24, 2018.
             Slain by a scorpion (7 damage)
             ... on level 3 of the Dungeon on Apr 27, 2018.
             The game lasted 00:13:05 (2830 turns).

jerryfan the Grave Robber (Vampire Necromancer)     Turns: 2830, Time: 00:13:06

Health: -2/35      AC:  3    Str:  7    XL:     5   Next: 10%
Magic:  7/9        EV: 13    Int: 19    God:
Gold:   89         SH:  0    Dex: 14    Spells: 1/9 levels left

rFire    . . .     SeeInvis +   e - +0 dagger
rCold    + . .     Gourm    .   (no shield)
rNeg     + + +     Faith    .   a - +1 robe
rPois    +         Spirit   .   (no helmet)
rElec    .         Reflect  .   (no cloak)
rCorr    .         Harm     .   (no gloves)
MR       .....                  (no boots)
Stlth    ++++......             (no amulet)
HPRegen  0.05/turn              m - ring of positive energy
MPRegen  0.11/turn              (no ring)

@: regenerating slowly
A: fangs 3, see invisible, unbreathing
a: Bat Form


You were on level 3 of the Dungeon.
You were thirsty.

You visited 1 branch of the dungeon, and saw 4 of its levels.

You collected 89 gold pieces.

Inventory:

Hand Weapons
 e - a +0 dagger (weapon)
 h - a +0 hand axe
Armour
 a - a +1 robe (worn)
Jewellery
 m - a ring of positive energy (left hand)
Scrolls
 f - 3 scrolls of identify
 i - a scroll of enchant armour
 j - a scroll of noise {unknown}
 n - a scroll of immolation {unknown}
Potions
 c - 13 potions of blood
 d - a potion of heal wounds {unknown}
 g - a potion of curing {unknown}
 k - a potion of agility {unknown}
 l - a potion of flight
Books
 b - a book of Necromancy

   Spells                             Type                      Level
   a - Pain                           Necromancy                   1
   b - Animate Skeleton               Necromancy                   1
   c - Vampiric Draining              Necromancy                   3
   d - Regeneration                   Charms/Necromancy            3
   e - Animate Dead                   Necromancy                   4
   f - Borgnjor's Vile Clutch         Necromancy/Earth             5


   Skills:
 + Level 1.9 Short Blades
 + Level 3.2 Dodging
 + Level 4.3 Stealth
 + Level 2.8 Spellcasting
 + Level 5.2 Necromancy


You had one spell level left.
You knew the following spells:

 Your Spells              Type           Power        Failure   Level  Hunger
a - Pain                  Necr           ###.         1%          1    None
b - Vampiric Draining     Necr           ###.......   5%          3    ###....
c - Animate Dead          Necr           N/A          19%         4    ####...


Dungeon Overview and Level Annotations

Branches:
Dungeon (4/15)
 Temple: D:4-7

Altars:
Sif Muna
Yredelemnul


Innate Abilities, Weirdness & Mutations

You heal slowly.
You have razor-sharp teeth.
You have supernaturally acute eyesight. (SInv)
You can survive without breathing.


Message History

Found a stone staircase leading up.
The phantom blinks!
The orc shouts!
You see here a scroll labeled SISIZXIURYDGH.
n - a scroll labeled SISIZXIURYDGH The orc hits you with a morningstar!
There is a stone staircase leading up here.
The orc hits you with a morningstar! The scorpion stings you.
* * * LOW HITPOINT WARNING * * *
You climb upwards.
A rat comes into view.
There is a stone staircase leading down here.
Cast which spell? (? or * to list)
You don't know that spell.
Cast which spell? (? or * to list)
Aiming: Pain
Press: ? - help, Shift-Dir - straight line, f - scorpion
Aim: a scorpion (moderately wounded, chance to defeat MR: 81%)
The scorpion writhes in agony!
The scorpion stings you!
You die...

### ### ######.# ..#
#....#.# #.# #....#.#
#.# #....#.# §####.#
#....#.#
l§§§#.######....o.#
§§h§§..........s@.###
#§#K#).###.###......#
#.#.#...........r.#.#
#l#§#....).#........#
#.#.#......#b##.#.###
#.#§#..............#
..#.#...........#..#####
#...#...............%..#
#####<.###......##.#####


You could see a scorpion, an orc, a bat and a rat.

Vanquished Creatures
  A hound (D:3)
  A hound skeleton (D:4)
  4 adders
  A worm (D:2)
  A dart slug (D:1)
  9 orcs (D:3)
  8 bats
  4 giant cockroaches
  6 goblins
  5 hobgoblins
  2 quokkas (D:2)
  2 ball pythons (D:1)
  3 frilled lizards
  4 kobolds
  10 rats
61 creatures vanquished.

Notes
Turn   | Place    | Note
-------+----------+-------------------------------------------
     0 | D:1      | jerryfan the Vampire Necromancer began the quest for the Orb.
     0 | D:1      | Reached XP level 1. HP: 13/13 MP: 3/3
   263 | D:1      | Reached XP level 2. HP: 8/19 MP: 0/5
   980 | D:2      | Reached XP level 3. HP: 24/24 MP: 6/6
  1004 | D:2      | Reached skill level 1 in Short Blades
  1025 | D:1      | You fall through a shaft!
  1234 | D:2      | Learned a level 3 spell: Vampiric Draining
  1777 | D:2      | Found a basalt altar of Yredelemnul.
  1777 | D:2      | Found a deep blue altar of Sif Muna.
  1853 | D:3      | Reached skill level 5 in Necromancy
  1855 | D:3      | Reached XP level 4. HP: 10/30 MP: 1/7
  2754 | D:3      | Learned a level 4 spell: Animate Dead
  2804 | D:4      | Reached XP level 5. HP: 26/35 MP: 9/9
  2807 | D:4      | Noticed a phantom
  2830 | D:3      | Slain by a scorpion

Skill      XL: |  1  2  3  4 |
---------------+-------------+-----
Short Blades   | 1 |  1.9
Necromancy     | 5 |  5.2
Stealth        | 4 |  4.3
Dodging        | 3 |  3.2
Spellcasting   | |  2.8

Action                   |  1- 3 |  4- 6 || total
-------------------------+-------+-------++-------
Melee: Dagger            |    38 |    42 ||    80
       Bite              |     2 |     2 ||     4
 Cast: Pain              |    68 |    39 ||   107
  Use: Potion            |     4 |     3 ||     7
       Scroll            |     1 |     3 ||     4
 Stab: Sleeping          |     1 |       ||     1
Armor: Robe              |     7 |    18 ||    25
Dodge: Dodged            |    33 |    39 ||    72
